 Dungeon Crawl Stone Soup version 0.27-a0-1391-g48c30b3128 (console) character file.

Game seed: 2922656024475920687

1259 FullyGoyle the Chopper (level 8, 0/48 HPs)
             Began as a Gargoyle Fighter on July 1, 2021.
             Killed by divine providence
             ... invoked by an orc priest
              (10 damage)
             ... on level 6 of the Dungeon.
             The game lasted 00:14:06 (4690 turns).

FullyGoyle the Chopper (Gargoyle Fighter)           Turns: 4690, Time: 00:14:07

Health: 0/48       AC: 22    Str: 22    XL:     8   Next: 51%
Magic:  8/8        EV:  8    Int:  9    God:
Gold:   223        SH: 10    Dex:  9    Spells: 7/7 levels left

rFire    . . .     SeeInvis +   b - +1 demon trident (venom)
rCold    . . .     Faith    .   i - +0 kite shield
rNeg     + . .     Spirit   .   d - +0 plate armour
rPois    ∞         Reflect  .   h - +0 helmet
rElec    +         Harm     .   (no cloak)
rCorr    .         Rampage  +   (no gloves)
Will     .....                  f - +2 pair of boots {rampage}
Stlth    ..........             (no amulet)
HPRegen  0.16/turn              S - ring of see invisible
MPRegen  0.11/turn              E - +4 ring of evasion

@: no status effects
A: sickness immunity, AC +5, negative energy resistance 1, electricity
resistance, torment resistance 1, petrification resistance
a: no special abilities


You were on level 6 of the Dungeon.
You visited 1 branch of the dungeon, and saw 6 of its levels.

You collected 223 gold pieces.

Inventory:

Hand Weapons
 a - a +0 war axe of draining
 b - a +1 demon trident of venom (weapon)
 c - a +0 trident of flaming
 l - a +1 whip of venom
Missiles
 e - 226 stones
 m - 17 poisoned darts (quivered)
 q - 8 javelins
Armour
 d - a +0 plate armour (worn)
 f - a +2 pair of boots of rampaging (worn)
 h - a +0 helmet (worn)
 i - a +0 kite shield (worn)
 j - a +0 scale mail
Jewellery
 E - a +4 ring of evasion (right hand)
 S - a ring of see invisible (left hand)
Wands
 w - a wand of digging (5)
Scrolls
 k - a scroll of immolation
 n - 3 scrolls of vulnerability
 r - 2 scrolls of noise
 s - 2 scrolls of teleportation
 t - a scroll of identify {unknown}
Potions
 g - a potion of attraction {unknown}
 o - a potion of lignification {unknown}
 p - a potion of might
 u - 5 potions of curing {unknown}
 v - a potion of magic {unknown}


   Skills:
 + Level 4.4 Fighting
 * Level 7.1 Axes
 * Level 6.1 Armour
 + Level 5.0 Shields


You had 7 spell levels left.
You didn't know any spells.
Your spell library contained the following spells:

 Spells                   Type           Power      Damage    Failure   Level
 Animate Skeleton         Necr           0%         N/A       100%        1
 Beastly Appendage        Tmut           0%         N/A       100%        1
 Sandblast                Erth           0%         2d4       100%        1
 Summon Small Mammal      Summ           0%         N/A       100%        1
 Call Imp                 Summ           0%         N/A       100%        2
 Wereblood                Tmut           0%         N/A       100%        2
 Call Canine Familiar     Summ           0%         N/A       100%        3
 Spider Form              Tmut/Pois      0%         N/A       100%        3
 Summon Guardian Golem    Hex/Summ       0%         N/A       100%        3
 Ice Form                 Ice/Tmut       0%         N/A       100%        4
 Summon Ice Beast         Ice/Summ       0%         N/A       100%        4
 Summon Lightning Spire   Summ/Air       0%         N/A       100%        4


Dungeon Overview and Level Annotations

Branches:
Dungeon (6/15)
 Temple: D:4-7

Altars:
Makhleb
Sif Muna
Trog

Shops:
D:5 *


Innate Abilities, Weirdness & Mutations

You are immune to sickness and miasma.
Your stone body is resilient. (AC +5)
You are immune to poison.
You resist negative energy. (rN+)
You are resistant to electric shocks. (rElec)
You are resistant to unholy torment.
You are immune to petrification.


Message History

The orc warrior is healed somewhat.
The orc warrior hits you but does no damage.
You puncture the orc warrior!
The orc warrior is heavily wounded.
The orc warrior hits you with a +0 broad axe!
You closely miss the orc warrior.
The orc warrior is severely wounded.
The orc warrior hits you with a +0 broad axe.
You block the orc priest's attack.
You puncture the orc priest!
The orc priest is almost dead.
The orc warrior hits you with a +0 broad axe!
The orc priest closely misses you. The orc warrior barely misses you.
You completely miss the orc priest.
The orc priest is almost dead.
The orc priest hits you but does no damage.
You block the orc warrior's attack.
The orc priest hits you but does no damage.
Your shield prevents you from hitting the orc warrior.
The orc warrior is severely wounded.
The orc warrior hits you with a +0 broad axe!
* * * LOW HITPOINT WARNING * * *
The orc priest hits you but does no damage.
You closely miss the orc priest.
The orc priest is almost dead.
You block the orc warrior's attack.
The orc priest hits you but does no damage.
You hit the orc warrior.
The orc warrior looks as sick as possible!
The orc warrior is almost dead.
You kill the orc warrior!
The orc priest hits you but does no damage.
Your Armour skill increases to level 6!
Your Shields skill increases to level 5!
You completely miss the orc priest.
The orc priest is almost dead.
The orc priest hits you but does no damage.
The orc priest invokes the aid of Beogh against you.
Beogh smites you!
You die...

#######+###
..........#
.........)#
.o..o.....#
.....o....###
............#
..........#.#
###########'######
#.@)......#
#..o......#
#=........#
#.........#
#....###### #.####
#.###### #.##...#
#..'.<.#


You could see an orc priest.

Vanquished Creatures
  Menkaure (D:5)
  A black bear (D:4)
  A sky beast (D:5)
  2 orc warriors
  A necrophage (D:5)
  2 ogres (D:5)
  A phantom (D:3)
  A scorpion (D:4)
  A bullfrog zombie (D:5)
  2 jellies
  An iguana (D:4)
  An orc wizard (D:5)
  A hound zombie (D:5)
  A hound skeleton (D:4)
  7 gnolls
  6 adders
  An ufetubus (D:4)
  4 dart slugs
  5 orcs (D:3)
  7 ball pythons
  5 endoplasms
  6 giant cockroaches
  2 hobgoblins (D:1)
  9 jackals (D:2)
  6 kobolds
  A quokka (D:4)
  3 bats
  4 frilled lizards
  7 goblins
  A rat (D:1)
91 creatures vanquished.

Vanquished Creatures (others)
  5 plants (D:4)
5 creatures vanquished.

Grand Total: 96 creatures vanquished

Notes
Turn   | Place    | Note
-------+----------+-------------------------------------------
     0 | D:1      | FullyGoyle the Gargoyle Fighter began the quest for the
                  | Orb.
     0 | D:1      | Reached XP level 1. HP: 14/14 MP: 1/1
   131 | D:1      | Reached skill level 2 in Axes
   332 | D:1      | Found a faded altar of an unknown god.
   346 | D:1      | Reached XP level 2. HP: 19/19 MP: 2/2
   652 | D:1      | Reached skill level 3 in Axes
   673 | D:1      | Reached XP level 3. HP: 16/23 MP: 3/3
  1071 | D:2      | Reached XP level 4. HP: 28/28 MP: 4/4
  1338 | D:2      | Reached skill level 4 in Axes
  2229 | D:3      | Noticed a phantom
  2238 | D:3      | Killed a phantom
  2239 | D:3      | Reached skill level 5 in Axes
  2239 | D:3      | Reached XP level 5. HP: 29/32 MP: 5/5
  2562 | D:4      | Noticed a black bear
  2577 | D:4      | Killed a black bear
  2578 | D:4      | Reached skill level 6 in Axes
  2578 | D:4      | Reached XP level 6. HP: 37/37 MP: 6/6
  3321 | D:4      | Reached XP level 7. HP: 41/41 MP: 7/7
  3497 | D:5      | Entered Level 5 of the Dungeon
  3499 | D:5      | Identified a scroll of acquirement
  3499 | D:5      | Acquired a +2 pair of boots of rampaging
  3551 | D:5      | Found a shimmering blue altar of Sif Muna.
  3558 | D:5      | Got Sif Muna's Catalogue of Ashen Black Rites
  3563 | D:5      | Found a bloodstained altar of Trog.
  3891 | D:5      | Noticed Menkaure
  3921 | D:5      | Killed Menkaure
  3922 | D:5      | Reached XP level 8. HP: 34/48 MP: 8/8
  4013 | D:5      | Reached skill level 5 in Armour
  4039 | D:5      | Reached skill level 7 in Axes
  4076 | D:5      | Found Ebuagra's CLEARANCE SALE! EVERYTHING MUST GO!.
  4198 | D:5      | Found a burning altar of Makhleb.
  4690 | D:6      | Reached skill level 5 in Shields
  4690 | D:6      | Killed from afar by an orc priest

Illustrated notes

Levels and vault maps discovered:
D:1:      minmay_arrival_shattered_statue, layout_rooms,
          hellmonk_ecumenical_altar_run_dry, grunt_decor_arrowhead,
          serial_park_tiny_pond
D:2:      layout_basic
D:3:      layout_rooms, serial_bayou_pond_a, minmay_misc_feat_ornament,
          kennysheep_generic_room_14
D:4:      cheibrodos_old_hovel, layout_rooms
D:5:      layout_rooms, nzn_overflow_gifts_of_might_and_magic,
          lemuel_round_altar, nicolae_shop_clearance, uniq_menkaure
D:6:      layout_basic, kennysheep_mini

Skill      XL: |  1  2  3  4  5  6  7  8 |
---------------+-------------------------+-----
Axes           | 2 3 5 6 7 |  7.1
Armour         | 4 6 |  6.1
Shields        | 4 5 |  5.0
Fighting       | 4 |  4.4

Action                   |  1- 3 |  4- 6 |  7- 9 || total
-------------------------+-------+-------+-------++-------
Melee: War axe           |    30 |       |       ||    30
       Demon trident     |    47 |   148 |    73 ||   268
       Trident           |       |       |     9 ||     9
Throw: Dart              |       |       |     8 ||     8
  Use: Scroll            |     3 |     5 |     2 ||    10
Armor: Scale mail        |    37 |    69 |       ||   106
       Plate armour      |       |    22 |    39 ||    61
Dodge: Dodged            |    26 |    36 |     9 ||    71
Block: Kite shield       |    44 |    89 |    40 ||   173

Table legend: (Time is in decaauts)
 A = Elapsed time spent in this place.
 B = Non-inter-level travel time spent in this place.
 C = Inter-level travel time spent in this place.
 D = Time resting spent in this place.
 E = Time spent auto-exploring this place.
 F = Levels seen in this place.
 G = Mean time per level.
                   A        B        C        D        E       F      G
               +--------+--------+--------+--------+--------+-----+--------+
         Total |   4824 |   4498 |    326 |    375 |   2935 |   6 |  804.0 |
       Dungeon |   4824 |   4498 |    326 |    375 |   2935 |   6 |  804.0 |
               +--------+--------+--------+--------+--------+-----+--------+

Top non-repeatable levels by time:
     D:4: 1201 daAuts
     D:2: 1030 daAuts
     D:5: 1028 daAuts
     D:1: 909 daAuts
     D:3: 602 daAuts
     D:6: 51 daAuts
